Cogmind - Beta 16 @@@ ROGUE MODE // 2025.11.07 @ 16:51:22 Player: Cameron Result: Destroyed by S-10 Pest with Light Assault Rifle Performance ------------- Evolutions (1) 500 Regions Visited (3) 600 Robots Destroyed (23) 115 Value Destroyed (506) 506 Prototype IDs (4) 80 Alien Tech Used (0) 0 Bonus (0) 0 TOTAL SCORE: 1801 Bonus ------- None Cogmind --------- Core Integrity 0/400 Matter 269/300 Energy 250/250 System Corruption 0% Temperature Cool (0) Movement Flying (124) Ox1 Location -9/Mines Parts ------- > --- POWER (1) -------- Ion Engine > --- PROPULSION (4) --- Wheel Armored Wheel Flight Unit VTOL Module > --- UTILITY (2) ------ Small Storage Unit Targeting Computer > --- WEAPON (2) ------- Grenade Launcher > --- INVENTORY (8) ---- ECM Suite Peak State ------------ > --- POWER ------------ Ion Engine > --- PROPULSION ------- VTOL Module VTOL Module VTOL Module VTOL Module > --- UTILITY ---------- Small Storage Unit Targeting Computer > --- WEAPON ----------- Medium Laser Medium Laser > --- INVENTORY -------- Ion Engine Armored Wheel Flight Unit Flight Unit Flight Unit ECM Suite Grenade Launcher [Rating: 13] Favorites ----------- Power Light Ion Engine Engine Light Ion Engine Propulsion VTOL Module Treads Light Treads Wheel Armored Wheel Flight Unit VTOL Module Utility Targeting Computer Device ECM Suite Storage Small Storage Unit Processor Targeting Computer Weapon EM Pulse Gun Energy Gun EM Pulse Gun Energy Cannon Beam Cannon Ballistic Gun Light Assault Rifle Launcher Grenade Launcher Build | -11 -10 -9 -9 ------- Run | Yrd Mat Mat Min Slots Evolved 2 | . . 2 . Power . | . . . . Propulsion 2 | . . 2 . Utility . | . . . . Weapon . | . . . . Parts Attached 39 | 6 14 18 1 Power 6 | 1 2 3 . Engine 6 | 1 2 3 . Core . | . . . . Reactor . | . . . . Propulsion 18 | 2 5 11 . Treads 2 | 2 . . . Leg . | . . . . Wheel 2 | . . 2 . Hover . | . . . . Flight 14 | . 5 9 . Utility 5 | 1 3 1 . Device 2 | . 2 . . Storage 2 | 1 . 1 . Processor 1 | . 1 . . Hackware . | . . . . Protection . | . . . . Artifact . | . . . . Weapon 10 | 2 4 3 1 Energy Gun 7 | 1 4 2 . Energy Cannon 1 | . . 1 . Ballistic Gun 1 | 1 . . . Ballistic Cannon . | . . . . Launcher 1 | . . . 1 Special Weapon . | . . . . Impact Weapon . | . . . . Slashing Weapon . | . . . . Piercing Weapon . | . . . . Special Melee Weapon . | . . . . Unidentified Prototypes . | . . . . Parts Lost 17 | . 4 13 . Power 2 | . 1 1 . Propulsion 12 | . 2 10 . Utility . | . . . . Weapon 3 | . 1 2 . Highest Loss Streak 13 | . 4 13 . To Critical Strikes . | . . . . Average Backups 5 | 1 6 4 1 Power . | . . . . Propulsion 1 | . 1 2 . Utility . | . 1 . 1 Weapon 1 | . 2 1 . Tool/Special . | . . . . Unused Backups 6 | . 6 . . Power . | . . . . Propulsion 4 | . 4 . . Utility . | . . . . Weapon 2 | . 2 . . Tool/Special . | . . . . Average Slot Usage (%) 84 | . 91 76 88 Engine 12 | . 13 10 11 Treads 11 | . 21 . . Wheel 1 | . . 2 22 Flight 19 | . 5 34 22 Device 3 | . 2 5 . Storage 8 | . 11 5 11 Processor 11 | . 12 11 11 Energy Gun 10 | . 16 4 . Ballistic Gun 3 | . 6 . . Peak Build Rating 13 | 6 9 13 10 Average Rating 7 | 5 6 9 10 On Entrance 5 | . 6 7 9 Avg Prop Armor Cover (%) 9 | . . 9 . Naked Turns . | . . . . Heaviest Build 14 | 10 14 14 . Greatest Support 40 | 40 40 22 . Greatest Overweight (x) 3 | 1 3 1 . Average Overweight (x) . | . . . . Largest Inventory Capacity 8 | 8 8 8 8 Average Capacity 7 | 7 7 6 8 Most Carried 8 | 3 8 8 1 Average Carried 5 | 2 6 4 1 Final Capacity 8 | 8 5 8 8 Final Carried 5 | 3 5 2 1 Class Distribution -------------------- 64% | Mutant 35% | Sprinter Dominant Class ---------------- Mutant | -10/Materials Sprinter | -9/Materials Sprinter | -9/Mines Resources | -11 -10 -9 -9 ----------- Run | Yrd Mat Mat Min Matter Collected 587 | 193 206 188 . Remotely . | . . . . Salvage Created 728 | . 472 256 . Parts 46 | . 31 15 . Haulers Intercepted . | . . . . Recyclers Shooed . | . . . . Parts Field Recycled . | . . . . Retrieved Matter . | . . . . Parts Self-Destructed . | . . . . Prevented . | . . . . Parts Restored . | . . . . Kills | -11 -10 -9 -9 ------- Run | Yrd Mat Mat Min Combat Hostiles Destroyed 20 | . 9 11 . Guns 14 | . 9 5 . Cannons 6 | . . 6 . Classes Destroyed 7 | . 5 2 . Worker 1 | . 1 . . Recycler 1 | . 1 . . Operator 1 | . 1 . . Swarmer 11 | . 3 8 . Grunt 7 | . 6 1 . Duelist 1 | . . 1 . Sentry 1 | . . 1 . Best Kill Streak 8 | . 4 8 . Combat Bots Only 8 | . 3 8 . Max Kills in Single Turn 2 | . 1 2 . Gunslinging . | . . . . Exploded . | . . . . Melee . | . . . . Uniques/NPCs Destroyed . | . . . . Combat | -11 -10 -9 -9 -------- Run | Yrd Mat Mat Min Hostile Shots Fired 236 | . 69 160 7 Missed 77 | . 18 57 2 Hits 159 | . 51 103 5 Melee 4 | . . 4 . Projectile 155 | . 51 99 5 Critical Strikes 2 | . . 2 . Damage Taken 1754 | . 599 1116 39 Core 565 | . 159 382 24 Absorbed by Shields . | . . . . Core Remaining (%) 68 | 100 36 . . Volleys Fired 62 | . 30 31 1 Largest 2 | . 2 2 1 Hottest 112 | . 112 110 30 Shots Fired 104 | . 56 47 1 Gun 86 | . 56 30 . Cannon 17 | . . 17 . Launcher 1 | . . . 1 Special . | . . . . Kinetic 14 | . 14 . . Thermal 65 | . 18 47 . Explosive 1 | . . . 1 Electromagnetic 24 | . 24 . . Robot Hit Streak 13 | . 10 13 . Robot Miss Streak 4 | . 4 4 . Penetration Max . | . . . . Secondary Targets 3 | . 2 1 . Max Gunslinging Chain 1 | . 1 1 . Shots Hit Robots 60 | . 33 27 . Core Hits 31 | . 18 13 . Critical Kills . | . . . . Critical Parts Destroyed . | . . . . Critical Strikes 1 | . . 1 . Burn 1 | . . 1 . Melee Attacks . | . . . . Impact . | . . . . Slashing . | . . . . Piercing . | . . . . Sneak Attacks . | . . . . Combat Hostiles . | . . . . Follow-up Attacks . | . . . . Damage Inflicted 923 | . 474 413 36 Guns 617 | . 429 188 . Cannons 225 | . . 225 . Explosions 81 | . 45 . 36 Melee . | . . . . Ramming . | . . . . Kinetic 51 | . 51 . . Thermal 591 | . 178 413 . Explosive 36 | . . . 36 Electromagnetic 245 | . 245 . . Impact . | . . . . Slashing . | . . . . Piercing . | . . . . Highest Corruption . | . . . . Average Corruption . | . . . . Corruption Purged . | . . . . Corruption Blocked . | . . . . Overload Shots . | . . . . Overflow Damage . | . . . . Projectiles . | . . . . Explosions . | . . . . Melee . | . . . . Knockbacks . | . . . . Impact . | . . . . Kinetic . | . . . . Secondary . | . . . . Self-Inflicted Damage 34 | . 34 . . Shots 1 | . 1 . . Rammed 1 | . . 1 . Targets Rammed 1 | . . 1 . Kicked . | . . . . Crushed . | . . . . Highest Temperature 361 | . 156 361 . Average Temperature 127 | . 53 181 . Received Heat Transfer 549 | . 291 258 . Effects 2 | . . 2 . Energy Bleed 1 | . . 1 . Short Circuit 1 | . . 1 . Siege Activations . | . . . . Martial Activations . | . . . . Shielding Activations . | . . . . Robots Disrupted . | . . . . Combat Hostiles . | . . . . Robots Corrupted . | . . . . Combat Hostiles . | . . . . Parts Fried . | . . . . Impact Corruptions . | . . . . Robots Melted . | . . . . Combat Hostiles . | . . . . Parts Melted 4 | . 1 3 . Heat Transferred 1521 | . 411 1110 . Parts Sabotaged . | . . . . Parts Stolen . | . . . . Parts Stripped . | . . . . Power Chain Reactions 1 | . 1 . . Alert | -11 -10 -9 -9 ------- Run | Yrd Mat Mat Min Maximum Alert Level 1 | . . 1 . Low Security (%) 98 | 100 100 97 100 Level 1 1 | . . 2 . Level 2 . | . . . . Level 3 . | . . . . Level 4 . | . . . . Level 5 . | . . . . High Security . | . . . . Max Security . | . . . . Peak Influence 210 | . 105 210 72 Initial 66 | . . 39 66 Average 42 | . 39 55 69 Influence Increases 665 | . 262 397 6 Destroy 0b10 Robot/C 400 | . 180 220 . Destroy 0b10 Robot/NC 15 | . 15 . . Destroy Leader 80 | . 30 50 . Successful Hack 40 | . 19 21 . Disable Machine 45 | . 15 30 . Destroy Structure 10 | . 3 1 6 Lose Combat Pursuer 75 | . . 75 . Influence Decreases 593 | . 169 320 104 Entered New Map 158 | . . 54 104 Time Decay 269 | . 129 140 . Lost Part 166 | . 40 126 . Squads Dispatched 3 | . 1 2 . Investigation 1 | . . 1 . Extermination . | . . . . Reinforcement 2 | . 1 1 . Assault . | . . . . Garrison . | . . . . Intercept . | . . . . Searches Triggered . | . . . . Construction Impeded . | . . . . Haulers Reinforced . | . . . . Active Scanning Responses . | . . . . Cargo Convoy Interrupts . | . . . . Stealth | -11 -10 -9 -9 --------- Run | Yrd Mat Mat Min Distress Signals 3 | . 2 1 . Communications Jammed . | . . . . Distress Signals . | . . . . Times Spotted 48 | . 14 30 4 Peak Tracking Total 9 | . 7 9 4 Tactical Retreats 4 | . . 4 . ECM-based Alert Blocks 6 | . . 6 . Traps | -11 -10 -9 -9 ------- Run | Yrd Mat Mat Min Traps Triggered 1 | . . 1 . Indirectly . | . . . . Trap Hack Attempts . | . . . . Triggered . | . . . . Disarmed . | . . . . Reprogrammed . | . . . . Reused . | . . . . Traps Extracted . | . . . . Installed . | . . . . Triggered . | . . . . Machines | -11 -10 -9 -9 ---------- Run | Yrd Mat Mat Min Machines Disabled 3 | . 1 2 . Max in Single Turn 1 | . 1 1 . Machines Repaired . | . . . . Machines Dismantled . | . . . . Machines Sabotaged . | . . . . Overloaded Fab Kills . | . . . . Hacking | -11 -10 -9 -9 --------- Run | Yrd Mat Mat Min Machines Accessed 9 | . 4 5 . Terminals 8 | . 4 4 . Fabricators . | . . . . Repair Stations . | . . . . Recycling Units . | . . . . Scanalyzers 1 | . . 1 . Garrison Access . | . . . . Total Hacks 29 | . 13 16 . Successful 15 | . 7 8 . Failed 13 | . 6 7 . Catastrophic 2 | . 1 1 . Database Lockouts 1 | . . 1 . Manual 4 | . 1 3 . Terminals 25 | . 13 12 . Fabricators . | . . . . Repair Stations . | . . . . Recycling Units . | . . . . Scanalyzers 4 | . . 4 . Garrison Access . | . . . . Terminal Hacks 12 | . 7 5 . Prototype ID Bank 2 | . 1 1 . Level Access Points 1 | . . 1 . Recycling Unit Index 1 | . 1 . . Scanalyzer Index 1 | . 1 . . Locate Traps 2 | . 2 . . Dispatch Records 1 | . 1 . . Recall Reinforcements 1 | . . 1 . Registered Components 2 | . 1 1 . Zone Layout 1 | . . 1 . Fabricator Hacks . | . . . . Repair Station Hacks . | . . . . Recycling Unit Hacks . | . . . . Scanalyzer 3 | . . 3 . Retrieve Study 3 | . . 3 . Garrison Access Hacks . | . . . . Unauthorized Hacks . | . . . . Terminals . | . . . . Fabricators . | . . . . Repair Stations . | . . . . Recycling Units . | . . . . Scanalyzers . | . . . . Garrison Access . | . . . . Data Cores Recovered . | . . . . Used . | . . . . Hacking Detections 8 | . 3 5 . Full Trace Events 2 | . 1 1 . Feedback Events . | . . . . Feedback Blocked . | . . . . Robot Schematics Acquired . | . . . . Robots Built . | . . . . Authchips . | . . . . Time . | . . . . Total Robot Build Rating . | . . . . Part Schematics Acquired . | . . . . Parts Built . | . . . . Authchips . | . . . . Time . | . . . . Total Part Build Rating . | . . . . Part Studies Acquired 3 | . . 3 . Parts Repaired . | . . . . Time . | . . . . Parts Recycled . | . . . . Recycled Matter . | . . . . Retrieved Matter . | . . . . Retrieved Components . | . . . . Parts Scanalyzed . | . . . . Part Schematics Acquired . | . . . . Parts Damaged . | . . . . Bothacking | -11 -10 -9 -9 ------------ Run | Yrd Mat Mat Min Used RIF Installer . | . . . . Robots Hacked . | . . . . Non-combat . | . . . . Combat . | . . . . Robot Hacks Applied . | . . . . Relay Couplers Released . | . . . . Fabnet Peak Effective % . | . . . . Robots Rewired . | . . . . Allies Hacked . | . . . . Hacks Repelled . | . . . . Allies | -11 -10 -9 -9 -------- Run | Yrd Mat Mat Min Total Allies . | . . . . Largest Group . | . . . . Highest-Rated Group . | . . . . Highest-Rated Ally . | . . . . Total Orders . | . . . . Ally Attacks . | . . . . Total Damage . | . . . . Kills . | . . . . Allies Corrupted . | . . . . Allies Melted . | . . . . Intel | -11 -10 -9 -9 ------- Run | Yrd Mat Mat Min Active Infowar (turns) 210 | . 66 144 . ECM 210 | . 66 144 . Robot Analysis Total . | . . . . Derelict Logs Recovered . | . . . . Drone Launches . | . . . . Drone Recoveries . | . . . . Exploration | -11 -10 -9 -9 ------------- Run | Yrd Mat Mat Min Turns Passed 749 | 71 359 317 2 Spaces Moved 758 | 41 250 467 . Core 6 | 6 . . . Treads 151 | 35 116 . . Legs . | . . . . Wheels 28 | . . 28 . Hover . | . . . . Flight 573 | . 134 439 . Fastest Speed 26 | 50 32 26 . Average Speed 58 | 147 93 31 . Slowest Speed 300 | 160 300 130 . Overloaded Moves . | . . . . Propulsion Burnouts . | . . . . Robots Hopped 17 | . 3 14 . Potential Cave-ins . | . . . . Cave-ins Triggered . | . . . . Exploration Rate (%) 30 | 4 48 63 6 Regions Visited 3 Branch Regions 1 Pre-discovered Areas . | . . . . Known Exits Taken . | . . . . Unknown Exits Taken 3 | 1 1 1 . Scrap Searched . | . . . . Spaces Dug . | . . . . Terrain Destroyed 9 | . 3 . 6 Melee . | . . . . Projectile . | . . . . AOE 9 | . 3 . 6 Terrain Rammed . | . . . . Walls Destroyed . | . . . . Machines Disabled . | . . . . Actions | -11 -10 -9 -9 --------- Run | Yrd Mat Mat Min Total 950 | 49 330 569 2 Wait 53 | . . 53 . Move 723 | 40 243 440 . Hop 15 | . 3 12 . Pick Up 28 | 3 19 6 . Fast Attach 17 | 6 2 9 . Attach 15 | . 6 8 1 Detach 2 | . 2 . . Swap 12 | . 6 6 . Drop 22 | . 19 3 . Fire 62 | . 30 31 1 Melee . | . . . . Ram 1 | . . 1 . Kick . | . . . . Crush . | . . . . Escape Stasis . | . . . . Rewire . | . . . . Trap . | . . . . Miscellaneous . | . . . . Route ------- -11/Scrapyard -10/Materials -9/Materials (discovered 5 exits: *Mat x3 / [*Min x2]) -9/Mines History --------- Turn | Location | Event 16 | -11/Scrapyard | Discovered new exit (range 16) 72 | -11/Scrapyard | Entered Materials 303 | -10/Materials | Build established: Mutant 351 | -10/Materials | Core integrity fell below 50% 384 | -10/Materials | Lost 4 parts (1p2n1w) 421 | -10/Materials | Discovered new exit (range 15) 431 | -10/Materials | Entered another Materials area 431 | -9/Materials | Evolved 2 slots: Propulsion x2 436 | -9/Materials | Central database locked down 473 | -9/Materials | Discovered new exit (range 13) 494 | -9/Materials | Discovered new exit (range 14) 510 | -9/Materials | Identified exit to Materials 698 | -9/Materials | Core integrity fell below 50% 724 | -9/Materials | Destroyed 8 combat bots 724 | -9/Materials | Core integrity fell below 20% 745 | -9/Materials | Discovered new exit (range 9) 748 | -9/Materials | Entered Mines 750 | -9/Mines | Destroyed by S-10 Pest with Light Assault Rifle Last Messages --------------- 00703_ S-10 Pest destroyed. 00704_ K-01 Serf collects debris. 00706_ Acquired 20 matter. 00711_ Beam Cannon destroyed. 00711_ Acquired Flight Unit+. 00716_ Acquired 19 matter. 00717_ Acquired Wheel. 00717_ Critical hit (Burn: +37). 00720_ K-01 Serf collects debris. 00722_ Flight Unit+ destroyed. 00723_ K-01 Serf collects debris. 00727_ R-06 Scavenger collects Flight Unit+. 00727_ S-10 Pest destroyed. 00729_ K-01 Serf collects debris. 00739_ Slammed into O-16 Technician. 00739_ K-01 Serf collects debris. 00742_ Acquired VTOL Module+. 00745_ EXIT=FOUND LOCATION=UNKNOWN GOAL=ESCAPE Map ----- +----------------------------------------------------+ | ?????????????????????????????????????????????????? | | ?????????????????????????????????????????????????? | | ?????????????????????????????????????????????????? | | ?????????????????????????????????????????????????? | | ?????????????????????????????????????????????????? | | ?????????????????????????????????????????????????? | | ?????????????????????????????????????????????????? | | ?????????????????????????????????????????????????? | | ?????????????????????????????????????????????????? | | ?????????????????????????????????????????????????? | | ?????????????????????????????????????????????????? | | ?????????????????????????????????????????????????? | | ?????????????????????????????????????????????????? | | ?????????????????????????????????????????????????? | | ???????????????????????????????#?????????????????? | | ?????????????????????????????? #?????????????????? | | ?????????????????????????????? ###???????????????? | | ????????????????????????????? ##??????????????? | | ????????????????????????????# #??????????????? | | ???????????????????????????# ##?????????????? | | ????????????????????????### #?????????????? | | ???????????????????????## #?????????????? | | ??????????????????????## #?????????????? | | ?????????????########## #?????????????? | | ??????????# ss #?????????????? | | ??????????# @ #??????????????? | | ?????????????????######## s s #??????????????? | | ????????????????????????## #####??????????????? | | ??????????????????????????#####??????????????????? | | ?????????????????????????????????????????????????? | | ?????????????????????????????????????????????????? | | | | | | | | | | | | | | | | | | | | | | | | | | | | | | | | | | | | | | | +----------------------------------------------------+ Best States ------------- Heat Dissipation 28 Energy Generation 12 Energy Capacity 250 Matter Stores 300 Matter Capacity 300 Sight Range 16 Terrain Scan Density 10 ECM Strength 1 Evasion (%) 64 Targeting Accuracy 5 Recoil Reduction 2 Item Schematics ----------------- None Robot Schematics ------------------ None Fabricated ------------ Nothing Repaired ---------- Nothing Studied --------- Flight Unit | -9/Materials | Hacked VTOL Module | -9/Materials | Hacked Ion Engine | -9/Materials | Hacked Alien Tech Used ----------------- None Achievements -------------- None Challenges ------------ None Game ------ Seed HeavyRefineryReactor Manual? 0 Play Time 00:14:26 Cumulative 57.3 hours Start 2025.11.07 @ 16:32:53 End 2025.11.07 @ 16:51:22 Sessions 1 Manual Loads 0 Difficulty Rogue Special Mode None Game No. 60 Rogue 60 Adventurer 0 Explorer 0 Win Type - Total 1 Types 1/0/0/0/0/0/0/0/0/0 Lore% 36 Gallery% 38 Achievement% 30 Wizard Run 0 Options --------- Layout 1 ASCII 0 Keyboard 0 Movement Numpad Keybinds 0 Fullscreen 2 Font 32/SmallcapsGlow Map View 50x35 Zoom Use 0% Tactical HUD 1 Map Filters NONE Filters NONE Steam 1 RUN: 2f4f170c-ed76-4cc1-af9e-1b8abd59ae68